AoeStats
← Rafelso

Nomad

505512627Analyzed
3v3 RM · 24d ago on Sep 9, 2026· 27m 21s· 6 players
Game mode
Random Map
Map size
210×210
Population
200
Speed
Normal
Resources
Standard
Victory
Conquest
Starting age
Dark Age
Ending age
Imperial Age
RankedLock teamsTeams togetherTeam positionsShared explorationLock speedFull tech treeHidden civsTurbo modeCheats
Victory
Defeat
🇸🇪 Tatars · Sweden
1701
+10
🇹🇷 Mongols · Türkiye
1692
+11
🇳🇴 Huns · Norway
1672
+11
🇫🇷 Sicilians · France
1633
-13
🇫🇷 Malay · France
1628
-12
🇫🇷 Aztecs · France
1455
-7
Mystic
11:05 Loom
13:19 Feudal Age
14:14 Town Watch
17:06 Castle Age
15:12 Gold Mining
16:06 Fletching
17:51 Bodkin Arrow
28:19 Ballistics
P3RL
8:44 Loom
11:52 Feudal Age
17:30 Castle Age
16:21 Fletching
16:42 Double-Bit Axe
18:26 Medium Warships
20:38 Gold Mining
22:50 Bodkin Arrow
24:48 Ballistics
28:01 Padded Archer Armor
Davve02
6:36 Loom
14:05 Feudal Age
14:34 Double-Bit Axe
15:59 Fletching
16:42 Fishing Lines
21:02 Castle Age
21:55 Medium Warships
21:41 Bodkin Arrow
22:30 Bow Saw
23:20 Ballistics
23:47 Clinker Construction
24:44 Careening
26:30 Horse Collar
PironovskyII
7:07 Loom
13:03 Feudal Age
13:11 Feudal Age
13:37 Town Watch
16:40 Scale Mail Armor
16:50 Forging
19:36 Castle Age
21:41 Fletching
22:27 Horse Collar
Le_groOumf
4:57 Loom
13:59 Feudal Age
17:40 Castle Age
17:10 Fletching
18:28 Bodkin Arrow
21:32 Scale Mail Armor
22:49 Medium Warships
25:32 Double-Bit Axe
Rafelso
9:51 Loom
12:02 Feudal Age
11:59 Double-Bit Axe
14:46 Fletching
23:19 Castle Age
23:07 Bow Saw
23:27 Bodkin Arrow
24:04 Medium Warships
24:55 Careening
27:03 Ballistics
Connection lost

Rejoining the realm…

Still unreachable

The connection could not be restored.

Session expired

The server has moved on; the page needs a fresh start.